 Dungeon Crawl Stone Soup version 0.32-a0-18-g89e19f1974 (webtiles) character file.

Game seed: 13154383397982177066

27394 gelatine the Skirmisher (level 13, -18/102 HPs)
             Began as a Gnoll Hunter on Jan 16, 2024.
             Killed from afar by an oklob plant (37 damage)
             ... with a splash of acid
             ... on level 3 of the Lair of Beasts.
             The game lasted 00:54:05 (19956 turns).

gelatine the Skirmisher (Gnoll Hunter)             Turns: 19956, Time: 00:54:05

Health: -18/102    AC:  0    Str: 12    XL:     13   Next: 32%
Magic:  25/25      EV: 19    Int: 16    God:
Gold:   912        SH: 20    Dex: 24    Spells: 24/29 levels left

rFire   + + .        a - +3 sling (flame)
rCold   . . .        t - +2 kite shield
rNeg    . . .        R - +2 robe {rF+}
rPois   .            c - +0 helmet of Decompression {rElec rF+ Stlth+}
rElec   +            V - scarf {+Inv}
rCorr   .            T - +2 pair of gloves {Dex+3}
SInv    .            (no boots)
Will    +....        r - amulet of reflection
Stlth   ++++++       o - ring of willpower
HPRegen 0.37/turn    s - ring of the Shining Light {Wiz Int+8 Dex+3}
MPRegen 0.19/turn

%: reflection, wizardry (x1)
@: corroded, studying Unarmed Combat
A: fangs 1, strong nose, distributed training, clumsy 1, deformed body, subdued
magic 1
a: Evoke Invisibility


You were on level 3 of the Lair of Beasts.
You visited 3 branches of the dungeon, and saw 13 of its levels.
You also visited: Bailey and Gauntlet.

You collected 912 gold pieces.

Inventory:

Hand Weapons
 a - a +3 sling of flaming (weapon)
 A - a +2 sling
 X - a +0 arbalest
 Y - a +2 orcbow of flaming
Missiles
 u - 4 darts of dispersal
 x - 3 throwing nets
Armour
 c - the +0 helmet of Decompression (worn) {rElec rF+ Stlth+}
   (You found it in a Gauntlet)

   rF+:       It protects you from fire.
   rElec:     It insulates you from electricity.
   Stlth+:    It makes you more stealthy.
 t - a +2 kite shield (worn)
 B - a +2 ring mail of fire resistance
 R - a +2 robe of fire resistance (worn)
 T - a +2 pair of gloves of dexterity (worn)
 V - a scarf of invisibility (worn)
Jewellery
 o - a ring of willpower (left hand)
 r - an amulet of reflection (around neck)
 s - the ring of the Shining Light (right hand) {Wiz Int+8 Dex+3}
   (You acquired it on level 9 of the Dungeon)

   [ring of wizardry]

   Wiz:       It improves your spell success rate.
   Int+8:     It affects your intelligence (+8).
   Dex+3:     It affects your dexterity (+3).
 O - a ring of protection from fire
 P - a ring of protection from fire
 W - a ring of poison resistance
Wands
 v - a wand of flame (29)
 E - a wand of iceblast (21)
 K - a wand of polymorph (12)
 U - a wand of mindburst (5)
Scrolls
 b - a scroll of fear
 g - a scroll of brand weapon {unknown}
 h - 4 scrolls of teleportation
 j - a scroll of immolation
 k - 2 scrolls of vulnerability
 p - 2 scrolls of amnesia {unknown}
 w - a scroll of fog {unknown}
 y - 3 scrolls of revelation {unknown}
 G - a scroll of noise {unknown}
 N - a scroll of poison {unknown}
 Z - a scroll of silence {unknown}
Potions
 e - 4 potions of enlightenment
 f - 7 potions of curing
 i - 4 potions of resistance
 l - 2 potions of attraction
 m - 2 potions of cancellation
 q - a potion of experience
 z - a potion of berserk rage
 C - 2 potions of haste {unknown}
 D - 3 potions of magic {unknown}
 F - a potion of degeneration {unknown}
 I - a potion of invisibility {unknown}
 L - 3 potions of mutation
 Q - 2 potions of ambrosia {unknown}
 S - a potion of lignification {unknown}
Miscellaneous
 d - a phial of floods


   Skills:
 + Level 9.7 Fighting
 + Level 8.5 Short Blades
 + Level 8.5 Long Blades
 + Level 8.5 Axes
 + Level 8.5 Maces & Flails
 + Level 8.5 Polearms
 + Level 8.5 Staves
 + Level 11.9 Ranged Weapons
 + Level 8.5 Throwing
 + Level 8.5 Armour
 + Level 9.7 Dodging
 + Level 8.9 Stealth
 + Level 8.5 Shields
 + Level 11.2 Unarmed Combat
 + Level 8.5 Spellcasting
 + Level 7.0 Conjurations
 + Level 7.0 Hexes
 + Level 7.0 Summonings
 + Level 7.0 Necromancy
 + Level 7.0 Translocations
 + Level 7.0 Fire Magic
 + Level 7.0 Ice Magic
 + Level 7.0 Air Magic
 + Level 7.0 Earth Magic
 + Level 7.0 Alchemy
 + Level 9.3 Invocations
 + Level 8.5 Evocations
 + Level 7.7 Shapeshifting


You had 24 spell levels left.
You knew the following spells:

 Your Spells              Type           Power      Damage    Failure   Level
a - Ensorcelled Hibernat  Hex/Ice        44%        N/A       1%          2
b - Fugue of the Fallen   Necr           22%        N/A       1%          3

Your spell library contained the following spells:

 Spells                   Type           Power      Damage    Failure   Level
 Jinxbite                 Hex            44%        N/A       1%          2
 Lesser Beckoning         Tloc           44%        N/A       1%          2
 Dazzling Flash           Conj/Hex       44%        N/A       1%          3
 Gell's Gravitas          Tloc           22%        N/A       1%          3
 Mephitic Cloud           Conj/Alch/Air  22%        N/A       1%          3
 Teleport Other           Tloc           22%        N/A       1%          3
 Volatile Blastmotes      Fire/Tloc      44%        2d13      1%          3
 Anguish                  Hex/Necr       11%        N/A       5%          4
 Curse of Agony           Necr           22%        N/A       16%         5
 Silence                  Hex/Air        11%        N/A       16%         5
 Yara's Violent Unravell  Hex/Alch       11%        3d6       16%         5
 Conjure Ball Lightning   Conj/Air       11%        3x3d6     63%         6
 Starburst                Conj/Fire      11%        6d5       63%         6
 Enfeeble                 Hex            11%        N/A       99%         7
 Discord                  Hex            11%        N/A       100%        8
 Disjunction              Tloc           11%        N/A       100%        8
 Maxwell's Capacitive Co  Air            11%        ∞         100%        8


Dungeon Overview and Level Annotations

Branches:
Dungeon (9/15)             Temple (1/1) D:6            Lair (3/5) D:9
  Swamp (0/4) Lair:2        Snake (0/4) Lair:3          Orc (0/2) D:9
 Bailey (visited)         Gauntlet (visited)

Altars:
Ashenzari
Cheibriados
Dithmenos
Elyvilon
Fedhas
Gozag
Hepliaklqana
Kikubaaqudgha
Makhleb
Nemelex Xobeh
Okawaru
Ru
Sif Muna
Trog
Uskayaw
Vehumet
Wu Jian
Xom
Yredelemnul
Zin
The Shining One

Shops:
D:4 =   D:6 *

Annotations:
Lair:1 exclusion: oklob plant
Lair:3 exclusion: 6 oklob plants


Innate Abilities, Weirdness & Mutations

You have very sharp teeth.
Your uncanny sense of smell can sniff out nearby items.
Your experience applies equally to all skills.
You are clumsy. (Dex -2)
Armour fits poorly on your strangely shaped body.
Your spells are a little easier to cast, but a little less powerful.


Message History

The splash of acid hits you!
You shoot a sling bullet.
The sling bullet hits the oklob plant but does no damage.
The oklob plant is almost destroyed.
The oklob plant spits acid at you. The splash of acid hits you!
The acid corrodes you!
You are too injured to fight recklessly!
You are too injured to fight recklessly!
You are too injured to fight recklessly!
Fire: a) +3 sling (flame)
Press: ? - help, Q - select action, (/) - cycle Shift-Dir - straight line, f/p - oklob plant
Aim: an oklob plant (almost destroyed, 98% to hit)
You shoot a sling bullet.
The sling bullet completely misses the oklob plant.
The oklob plant spits acid at you. The splash of acid hits you!!
* * * LOW HITPOINT WARNING * * *
Fire: a) +3 sling (flame)
Press: ? - help, Q - select action, (/) - cycle Shift-Dir - straight line, f/p - oklob plant
Aim: an oklob plant (almost destroyed, 98% to hit)
You shoot a sling bullet.
The sling bullet hits the oklob plant but does no damage.
The oklob plant is almost destroyed.
Fire: a) +3 sling (flame)
Press: ? - help, Q - select action, (/) - cycle Shift-Dir - straight line, f/p - oklob plant
Aim: an oklob plant (almost destroyed, 98% to hit)
You shoot a sling bullet. The sling bullet hits the oklob plant.
The sling bullet burns the oklob plant.
The oklob plant is almost destroyed.
The oklob plant spits acid at you. The splash of acid misses you.
Fire: a) +3 sling (flame)
Press: ? - help, Q - select action, (/) - cycle Shift-Dir - straight line, f/p - oklob plant
Aim: an oklob plant (almost destroyed, 98% to hit)
You shoot a sling bullet.
The sling bullet hits the oklob plant but does no damage.
The oklob plant is almost destroyed.
The oklob plant spits acid at you. The splash of acid hits you!!!
You die...

................)................
.............#.......#...........
..>.....#####.........####P#.....
##.##...# ##...#........######.#.
###########.............### ####
# #.....#.....##...P##
##.....#.....##.....# #
###...###......##.#...## #
###....## ##.@...#####...####
####.#...#.# #.....# #.†..P.##
.##P....#.###........# ##.....P#
.###...####.#........# #.P...P.
..#....# #.....!......# ##.P....
.....#P# ..............# ####...
....#####.....).........### ###..
.....###........PP........###....
......#........P ..../...#.##....


You could see an oklob plant.

Vanquished Creatures
  A minotaur (Gauntlet)
  A hydra (Lair:1)
  2 boulder beetles
  A ghost crab (Gauntlet)
  A shining eye (Gauntlet)
  An oklob plant (Lair:3)
  3 black mambas
  6 elephants (Lair:2)
  8 cane toads
  A rime drake (Lair:1)
  2 unseen horror zombies (D:9)
  A minotaur zombie (Gauntlet)
  6 komodo dragons
  A troll (D:8)
  A polar bear (Lair:1)
  A hornet (D:7)
  10 blink frogs
  Sigmund (D:6)
  2 shadows (Gauntlet)
  17 yaks
  A basilisk (Lair:1)
  A golden eye (Gauntlet)
  A steam dragon (D:8)
  2 wyverns
  2 nagas (Lair:3)
  18 water moccasins
  10 orc warriors
  3 ice beasts
  2 sky beasts (D:8)
  4 black bears
  An ogre (D:5)
  9 wolves
  10 centaurs
  2 phantoms
  4 kobold brigands
  15 bullfrogs
  2 gnoll sergeants
  3 scorpions
  3 necrophages (D:9)
  8 wights
  5 killer bees (D:8)
  5 electric eels (Lair:2)
  A howler monkey (D:7)
  A bombardier beetle (D:3)
  A quasit (D:4)
  A centaur zombie (D:9)
  3 gnoll boudas
  A human zombie (D:9)
  6 hounds
  3 jellies
  4 orc priests
  2 iguanas (D:7)
  2 sleepcaps
  13 orc wizards
  2 killer bee zombies (D:9)
  34 gnolls
  5 adders
  3 shadow imps
  4 white imps
  4 ufetubi
  6 ribbon worms
  3 dart slugs
  48 orcs
  6 bats
  6 endoplasms
  6 giant cockroaches
  8 goblins
  7 hobgoblins
  3 jackals (D:2)
  2 quokkas (D:2)
  3 ball pythons
  19 kobolds
  5 rats
390 creatures vanquished.

Vanquished Creatures (others)
  An orc wizard (D:7)
1 creature vanquished.

Grand Total: 391 creatures vanquished

Notes
Turn   | Place    | Note
-------+----------+-------------------------------------------
     0 | D:1      | gelatine the Gnoll Hunter began the quest for the Orb.
     0 | D:1      | Reached XP level 1. HP: 20/20 MP: 1/1
   163 | D:1      | Reached XP level 2. HP: 26/26 MP: 2/2
   408 | D:1      | Reached XP level 3. HP: 31/31 MP: 3/3
   494 | D:1      | Reached skill level 1 in Invocations
   669 | D:2      | Found a faded altar of an unknown god.
   700 | D:2      | Reached skill level 1 in Short Blades
   700 | D:2      | Reached skill level 1 in Long Blades
   700 | D:2      | Reached skill level 1 in Axes
   700 | D:2      | Reached skill level 1 in Maces & Flails
   700 | D:2      | Reached skill level 1 in Polearms
   700 | D:2      | Reached skill level 1 in Staves
   700 | D:2      | Reached skill level 1 in Throwing
   700 | D:2      | Reached skill level 1 in Armour
   700 | D:2      | Reached skill level 1 in Shields
   700 | D:2      | Reached skill level 1 in Unarmed Combat
   700 | D:2      | Reached skill level 1 in Spellcasting
   700 | D:2      | Reached skill level 1 in Evocations
   706 | D:2      | Reached skill level 1 in Shapeshifting
   706 | D:2      | Reached XP level 4. HP: 22/38 MP: 5/5
   871 | D:2      | Found an iron altar of Okawaru.
   911 | D:2      | Reached skill level 1 in Conjurations
   911 | D:2      | Reached skill level 1 in Hexes
   911 | D:2      | Reached skill level 1 in Summonings
   911 | D:2      | Reached skill level 1 in Necromancy
   911 | D:2      | Reached skill level 1 in Translocations
   911 | D:2      | Reached skill level 1 in Fire Magic
   911 | D:2      | Reached skill level 1 in Ice Magic
   911 | D:2      | Reached skill level 1 in Air Magic
   911 | D:2      | Reached skill level 1 in Earth Magic
   911 | D:2      | Reached skill level 1 in Alchemy
  1141 | D:2      | Reached XP level 5. HP: 43/43 MP: 5/7
  2133 | D:3      | Reached XP level 6. HP: 50/50 MP: 8/8
  2341 | D:3      | Reached skill level 5 in Fighting
  2341 | D:3      | Reached skill level 5 in Dodging
  2860 | D:4      | Reached XP level 7. HP: 48/56 MP: 10/10
  3105 | D:4      | Found a sparkling altar of Nemelex Xobeh.
  3188 | D:4      | Found Poorhej's Jewellery Emporium.
  3693 | D:5      | Entered Level 5 of the Dungeon
  3886 | D:5      | Reached XP level 8. HP: 38/63 MP: 12/12
  4866 | D:6      | Found Igguguuw's Gadget Gallery.
  5461 | D:6      | Noticed Sigmund
  5472 | D:6      | Killed Sigmund
  5473 | D:6      | Reached XP level 9. HP: 67/69 MP: 13/15
  5709 | D:6      | Found a staircase to the Ecumenical Temple.
  5748 | Temple   | Entered the Ecumenical Temple
  6222 | D:8      | Reached skill level 5 in Stealth
  6393 | D:7      | Noticed a hornet
  6463 | D:7      | Killed a hornet
  6464 | D:7      | Reached skill level 5 in Invocations
  6582 | D:7      | Found a flagged portal.
  6592 | Bailey   | Entered a bailey
  6616 | Bailey   | Reached skill level 5 in Unarmed Combat
  7901 | Bailey   | Reached skill level 5 in Short Blades
  7901 | Bailey   | Reached skill level 5 in Long Blades
  7901 | Bailey   | Reached skill level 5 in Axes
  7901 | Bailey   | Reached skill level 5 in Maces & Flails
  7901 | Bailey   | Reached skill level 5 in Polearms
  7901 | Bailey   | Reached skill level 5 in Staves
  7901 | Bailey   | Reached skill level 5 in Throwing
  7901 | Bailey   | Reached skill level 5 in Armour
  7901 | Bailey   | Reached skill level 5 in Shields
  7901 | Bailey   | Reached skill level 5 in Spellcasting
  7901 | Bailey   | Reached skill level 5 in Evocations
  7901 | Bailey   | Reached XP level 10. HP: 67/77 MP: 17/17
  8012 | Bailey   | Reached skill level 10 in Ranged Weapons
  8667 | D:7      | Learned a level 2 spell: Ensorcelled Hibernation
  9871 | D:8      | Found an iron altar of Okawaru.
 10155 | D:8      | Reached skill level 5 in Shapeshifting
 11766 | D:9      | Found a staircase to the Orcish Mines.
 11895 | D:8      | Reached skill level 5 in Conjurations
 11895 | D:8      | Reached skill level 5 in Hexes
 11895 | D:8      | Reached skill level 5 in Summonings
 11895 | D:8      | Reached skill level 5 in Necromancy
 11895 | D:8      | Reached skill level 5 in Translocations
 11895 | D:8      | Reached skill level 5 in Fire Magic
 11895 | D:8      | Reached skill level 5 in Ice Magic
 11895 | D:8      | Reached skill level 5 in Air Magic
 11895 | D:8      | Reached skill level 5 in Earth Magic
 11895 | D:8      | Reached skill level 5 in Alchemy
 12080 | D:9      | Reached XP level 11. HP: 84/85 MP: 20/20
 12360 | D:9      | Identified a scroll of acquirement
 12361 | D:9      | Acquired the ring of the Shining Light {Wiz Int+8 Dex+3}
 12368 | D:9      | Learned a level 3 spell: Fugue of the Fallen
 12403 | D:9      | Found a white marble altar of Elyvilon.
 12431 | D:9      | Found a staircase to the Lair.
 12546 | D:9      | Found a basalt altar of Yredelemnul.
 12947 | D:9      | Found a shimmering blue altar of Sif Muna.
 12987 | D:9      | Found a burning altar of Makhleb.
 12987 | D:9      | Found a blossoming altar of Fedhas.
 13131 | Lair:1   | Entered Level 1 of the Lair of Beasts
 13131 | Lair:1   | Found a gate leading to a gauntlet.
 13259 | Gauntlet | Entered a Gauntlet
 13259 | Gauntlet | Found a transporter.
 13260 | Gauntlet | Noticed a shining eye
 13267 | Gauntlet | Found a transporter.
 13270 | Gauntlet | Noticed an arcanist
 13277 | Gauntlet | Found a transporter.
 13280 | Gauntlet | Found a transporter.
 13284 | Gauntlet | Found a runed translucent door.
 13285 | Gauntlet | Noticed a blizzard demon
 13286 | Gauntlet | Found a runed translucent door.
 13288 | Gauntlet | Found a transporter.
 13303 | Gauntlet | Noticed a death yak
 13303 | Gauntlet | Noticed a death yak
 13304 | Gauntlet | Found a transporter.
 13305 | Gauntlet | Noticed a death yak
 13306 | Gauntlet | Noticed a death yak
 13306 | Gauntlet | Noticed a death yak
 13314 | Gauntlet | Noticed a ghost crab
 13315 | Gauntlet | Found a transporter.
 13317 | Gauntlet | Noticed a death yak
 13322 | Gauntlet | Noticed an arcanist
 13327 | Gauntlet | Found a transporter.
 13328 | Gauntlet | Noticed an occultist
 13332 | Gauntlet | Found a transporter.
 13349 | Gauntlet | Found a transporter.
 13360 | Gauntlet | Found a transporter.
 13360 | Gauntlet | Found a transporter.
 13421 | Gauntlet | Found a transporter.
 13431 | Gauntlet | Found a transporter.
 13555 | Gauntlet | Gained mutation: You are clumsy. (Dex -2) [a shining eye]
 13562 | Gauntlet | Gained mutation: Your spells are a little easier to cast,
                  | but a little less powerful. [a shining eye]
 13563 | Gauntlet | Gained mutation: Armour fits poorly on your strangely
                  | shaped body. [a shining eye]
 13564 | Gauntlet | Killed a shining eye
 13862 | Gauntlet | Killed a ghost crab
 13997 | Gauntlet | Noticed a minotaur
 14011 | Gauntlet | Killed a minotaur
 14017 | Gauntlet | Identified the +0 helmet of Decompression {rElec rF+
                  | Stlth+}
 14739 | Lair:1   | Noticed a boulder beetle
 14767 | Lair:1   | HP: 4/87 [boulder beetle (2)]
 15163 | Lair:1   | Noticed a five-headed hydra
 15281 | Lair:1   | Noticed an oklob plant
 15315 | Lair:1   | Reached XP level 12. HP: 75/94 MP: 22/22
 15620 | Lair:1   | Killed a five-headed hydra
 15905 | Lair:1   | Killed a boulder beetle
 16832 | Lair:1   | Reached skill level 10 in Unarmed Combat
 17894 | Lair:2   | Found a staircase to the Swamp.
 18125 | Lair:2   | Reached XP level 13. HP: 101/101 MP: 25/25
 18498 | Lair:3   | Found a staircase to the Snake Pit.
 19956 | Lair:3   | Killed from afar by an oklob plant

Illustrated notes

Levels and vault maps discovered:
D:1:      dpeg_arrival_pond, layout_loops_ring, minmay_cupped
D:2:      wad_lake_hut, layout_basic, shapermc_ecumenical_altar_mp_highgroup,
          basic_altar, corexii_shack
D:3:      cheibrodos_thug_alley, layout_basic, kennysheep_generic_room_4
D:4:      layout_loops_ring, nemelex_diamond_rough_becter, serial_demonic,
          serial_demonic_a, serial_demonic_e, serial_demonic_g,
          serial_demonic_a, serial_shops, shop, amethyst_killhole
D:5:      layout_basic
D:6:      layout_cave_pools, minmay_temple_entry_statues_fountains,
          serial_column_ruins, column_ruins_open_tiny, column_ruins_open_tiny,
          column_ruins_grid_1, column_ruins_corridor_straight,
          column_ruins_grid_1, column_ruins_corridor_straight,
          serial_library_hellmonk_narrow_alcove, nicolae_shop_gadgets,
          uniq_sigmund
D:7:      layout_rooms, enter_bailey_2
D:8:      layout_loops_corners, okawaru_metal_pillars_1_2
D:9:      layout_cave_pools, lemuel_mausoleum_altar_yredelemnul,
          elyvilon_altar_5, mainiacjoe_overflow_cross_hatched,
          nicolae_overflow_two_pavilions, due_lair_maze_entry_diamond,
          minmay_fractal_squares_gapless_5
Temple:   eino_narrow_crystal_temple
Lair:1:   layout_roguey, gauntlet_entry_generic, guppyfry_lair_drakes
Lair:2:   layout_long_grid, minmay_swamp_entry_eels, serial_bayou_shore_a,
          serial_bayou_shore_b, grunt_megastairs_5, serial_bayou_shore_b
Lair:3:   layout_hall_layers, guppyfry_snake_entry_island, dpeg_oklob_1,
          serial_bayou_shore_b

Skill      XL: |  1  2  3  4  5  6  7  8  9 10 11 12 13 |
---------------+----------------------------------------+-----
Invocations    | 1 2 3 4 5 6 7 8 9 |  9.3
Short Blades   | 1 2 3 4 5 6 7 8 |  8.5
Long Blades    | 1 2 3 4 5 6 7 8 |  8.5
Axes           | 1 2 3 4 5 6 7 8 |  8.5
Maces & Flails | 1 2 3 4 5 6 7 8 |  8.5
Polearms       | 1 2 3 4 5 6 7 8 |  8.5
Staves         | 1 2 3 4 5 6 7 8 |  8.5
Throwing       | 1 2 3 4 5 6 7 8 |  8.5
Armour         | 1 2 3 4 5 6 7 8 |  8.5
Shields        | 1 2 3 4 5 6 7 8 |  8.5
Unarmed Combat | 1 2 3 4 5 7 9 10 11 | 11.2
Spellcasting   | 1 2 3 4 5 6 7 8 |  8.5
Evocations     | 1 2 3 4 5 6 7 8 |  8.5
Shapeshifting  | 1 2 3 4 5 6 7 |  7.7
Conjurations   | 1 2 3 4 5 6 7 |  7.0
Hexes          | 1 2 3 4 5 6 7 |  7.0
Summonings     | 1 2 3 4 5 6 7 |  7.0
Necromancy     | 1 2 3 4 5 6 7 |  7.0
Translocations | 1 2 3 4 5 6 7 |  7.0
Fire Magic     | 1 2 3 4 5 6 7 |  7.0
Ice Magic      | 1 2 3 4 5 6 7 |  7.0
Air Magic      | 1 2 3 4 5 6 7 |  7.0
Earth Magic    | 1 2 3 4 5 6 7 |  7.0
Alchemy        | 1 2 3 4 5 6 7 |  7.0
Stealth        | 3 4 5 6 7 8 |  8.9
Fighting       | 5 6 7 8 9 |  9.7
Dodging        | 5 6 7 8 9 |  9.7
Ranged Weapons | 9 10 11 | 11.9

Action                     |  1- 3 |  4- 6 |  7- 9 | 10-12 | 13-15 || total
---------------------------+-------+-------+-------+-------+-------++-------
   Fire: Shortbow          |    80 |   180 |   749 |   390 |       ||  1399
         Sling             |       |       |       |  1004 |   216 ||  1220
   Cast: Ensorcelled Hiber |       |       |       |    29 |     2 ||    31
         Fugue of the Fall |       |       |       |     9 |     2 ||    11
  Evoke: Wand              |       |       |     8 |    13 |     4 ||    25
    Use: Scroll            |       |     5 |     6 |     9 |       ||    20
         Potion            |       |     2 |     5 |     2 |       ||     9
 Armour: Leather armour    |    15 |    32 |    33 |       |       ||    80
         Ring mail         |       |       |   219 |   130 |       ||   349
         Steam dragon scal |       |       |       |   206 |       ||   206
         Robe              |       |       |       |   155 |    36 ||   191
  Dodge: Dodged            |    18 |    32 |   284 |   510 |    45 ||   889
  Block: Other             |       |     6 |    81 |    45 |       ||   132
         Reflection        |       |     1 |     1 |     7 |     8 ||    17
         Kite shield       |       |       |       |   892 |   138 ||  1030

Table legend: (Time is in decaauts)
 A = Elapsed time spent in this place.
 B = Non-inter-level travel time spent in this place.
 C = Inter-level travel time spent in this place.
 D = Time resting spent in this place.
 E = Time spent auto-exploring this place.
 F = Levels seen in this place.
 G = Mean time per level.
                   A        B        C        D        E       F      G
               +--------+--------+--------+--------+--------+-----+--------+
         Total |  20118 |  19560 |    558 |    100 |  14886 |  15 | 1341.2 |
       Dungeon |  11419 |  11024 |    395 |    100 |   8410 |   9 | 1268.8 |
        Temple |      1 |      1 |      0 |      0 |      0 |   1 |    1.0 |
          Lair |   5444 |   5281 |    163 |      0 |   4207 |   3 | 1814.7 |
        Bailey |   2086 |   2086 |      0 |      0 |   1397 |   1 | 2086.0 |
      Gauntlet |   1165 |   1165 |      0 |      0 |    871 |   1 | 1165.0 |
               +--------+--------+--------+--------+--------+-----+--------+

Top non-repeatable levels by time:
     D:8: 2445 daAuts
  Lair:1: 2397 daAuts
  Bailey: 2086 daAuts
  Lair:3: 1623 daAuts
     D:7: 1468 daAuts
     D:5: 1459 daAuts
  Lair:2: 1424 daAuts
     D:9: 1338 daAuts
     D:2: 1254 daAuts
Gauntlet: 1165 daAuts
     D:3: 988 daAuts
     D:6: 953 daAuts
     D:4: 877 daAuts
     D:1: 633 daAuts
  Temple: 1 daAuts
